 Dungeon Crawl Stone Soup version 0.25.1-2-g60ff931df9 (webtiles) character file.

Game seed: 14093282377649134214

765 H0rd4k the Insei (level 7, 0/44 HPs)
             Began as an Octopode Transmuter on Sept 25, 2020.
             Slain by a wraith (11 damage)
             ... in an ossuary.
             The game lasted 00:08:55 (6225 turns).

H0rd4k the Insei (Octopode Transmuter)              Turns: 6225, Time: 00:08:56

Health: 0/44       AC:  1    Str:  9    XL:     7   Next: 81%
Magic:  12/12      EV: 14    Int: 13    God:
Gold:   236        SH:  0    Dex: 13    Spells: 7/13 levels left

rFire    . . .     SeeInvis .     - Unarmed
rCold    . . .     Gourm    .   (no shield)
rNeg     . . .     Faith    .   (helmet restricted)
rPois    .         Spirit   .   n - amulet of magic regeneration
rElec    .         Reflect  .   o - -4 ring of intelligence
rCorr    .         Harm     .   (no ring)
MR       .....                  (no ring)
Stlth    +++.......             (no ring)
HPRegen  0.14/turn              (no ring)
MPRegen  0.38/turn              (no ring)
                                (no ring)
                                (no ring)

@: berserk cooldown, slowed, very slow
A: almost no armour, stealthy swim, amphibious, 8 rings, constrict 8, camouflage
1, gelatinous body 1
a: no special abilities


You were in an ossuary.
You were not hungry.

You visited 1 branch of the dungeon, and saw 6 of its levels.
You also visited: Ossuary.

You collected 236 gold pieces.

Inventory:

Missiles
 a - 60 arrows
 x - 10 poisoned darts (quivered)
Jewellery
 n - an amulet of magic regeneration (around mantle)
 o - a -4 ring of intelligence (left tentacle)
 u - an uncursed amulet of faith
 w - a cursed ring of teleportation {unknown}
Wands
 l - a wand of paralysis (8)
Scrolls
 b - a scroll of immolation {unknown}
 d - a scroll of magic mapping {unknown}
 i - 2 scrolls of enchant armour
 j - 2 scrolls of remove curse
 m - 4 scrolls of teleportation
 p - 2 scrolls of blinking {unknown}
 v - a scroll of fear {unknown}
Potions
 e - a potion of lignification {unknown}
 f - 6 potions of heal wounds
 g - 2 potions of haste
 h - 4 potions of curing
 k - 2 potions of berserk rage
 q - a potion of flight
 r - a potion of ambrosia
 s - a potion of invisibility {unknown}
 z - a potion of brilliance {unknown}
 A - a potion of magic
Comestibles
 c - 10 rations


   Skills:
 + Level 1.8 Fighting
 + Level 3.4 Dodging
 + Level 3.7 Stealth
 + Level 5.7 Unarmed Combat
 * Level 3.9 Spellcasting
 * Level 4.0 Transmutations


You had 7 spell levels left.
You knew the following spells:

 Your Spells              Type           Power        Failure   Level  Hunger
a - Beastly Appendage     Tmut           ##....       4%          1    None
b - Sticks to Snakes      Tmut           ##......     6%          2    ##.....
c - Spider Form           Tmut/Pois      #.........   28%         3    ###....

Your spell library contained the following spells:

 Spells                   Type           Power        Failure   Level  Hunger
 Ice Form                 Ice/Tmut       #.......     67%         4    ####...
 Blade Hands              Tmut           ##........   73%         5    ######.


Dungeon Overview and Level Annotations

Branches:
Dungeon (6/15)             Temple (0/1) D:5         Ossuary (1/1)

Altars:
Sif Muna
The Shining One

Shops:
D:5 *

Annotations:
D:3 exclusion: sky beast
D:5 exclusion: ice beast


Innate Abilities, Weirdness & Mutations

You cannot wear most types of armour.
You are very stealthy in the water. (Stealth+)
You are amphibious.
You can wear up to eight rings at the same time.
You can use your tentacles to constrict eight enemies at once.
Your skin changes colour to match your surroundings (Stealth+).
Your rubbery body absorbs attacks. (AC +1, EV +1)


Message History

You feel as though you will be slow longer.
You closely miss the wraith.
The wraith is heavily damaged.
The wraith hits you! The wraith drains your vigour!
You feel as though you will be slow longer.
You closely miss the wraith.
The wraith is heavily damaged.
The wraith hits you. The wraith drains your vigour!
You feel as though you will be slow longer.
You barely miss the wraith.
The wraith is heavily damaged.
The wraith hits you.
* * * LOW HITPOINT WARNING * * *
You barely miss the wraith.
The wraith is heavily damaged.
You are no longer berserk.
You are exhausted.
You feel as though you will be slow longer.
The wraith hits you!
You die...

........................#
∩.....................∩.#
......#####+#####.......#
.....##.. ..##......#
....## ..##### ..##.....#
...## .##...##...##....#
...#. ##...!.##...#....#
...+.. #...!!?.W...+....#
...#...##.?!W.##@..#....#
...##...##...##...##....#
....##...#####...##.....#
.....##.........##......#
......#####'#####.......#
∩.....................∩.#
........................#
##########'''############
####...####


You could see a wraith.

Vanquished Creatures
  A bullfrog (D:6)
  A scorpion (D:5)
  A crimson imp (D:5)
  A jelly (D:5)
  A centaur skeleton (D:4)
  A gnoll shaman (D:5)
  2 orc priests
  2 hounds
  An orc wizard (D:5)
  A worker ant (D:4)
  A hound zombie (D:4)
  A mummy (Ossuary)
  A worker ant zombie (D:5)
  Robin (D:2)
  6 adders
  6 gnolls
  A white imp (D:4)
  5 oozes
  An adder skeleton (D:5)
  2 worms
  3 dart slugs
  A leopard gecko (D:1)
  12 orcs
  2 ball pythons
  4 giant cockroaches
  6 goblins
  2 hobgoblins (D:2)
  13 jackals
  8 bats
  3 frilled lizards
  6 gnoll skeletons (Ossuary)
  2 goblin skeletons (D:4)
  A goblin zombie (D:4)
  A hobgoblin zombie (D:4)
  7 kobolds
  6 kobold skeletons (Ossuary)
  3 kobold zombies (D:4)
  2 leopard gecko skeletons (D:4)
  14 orc skeletons
  A quokka zombie (D:5)
  6 rats
140 creatures vanquished.

Vanquished Creatures (collateral kills)
  A scorpion (D:4)
1 creature vanquished.

Grand Total: 141 creatures vanquished

Notes
Turn   | Place    | Note
-------+----------+-------------------------------------------
     0 | D:1      | H0rd4k the Octopode Transmuter began the quest for the Orb.
     0 | D:1      | Reached XP level 1. HP: 13/13 MP: 3/3
    29 | D:1      | Reached XP level 2. HP: 18/18 MP: 5/5
   186 | D:1      | Reached XP level 3. HP: 9/23 MP: 6/6
  1166 | D:2      | Noticed Robin
  1177 | D:2      | Killed Robin
  1177 | D:2      | Reached skill level 1 in Stealth
  1181 | D:2      | Reached XP level 4. HP: 12/28 MP: 5/7
  1470 | D:2      | Learned a level 2 spell: Sticks to Snakes
  1474 | D:2      | Learned a level 3 spell: Spider Form
  2049 | D:3      | Noticed a sky beast
  2487 | D:4      | Reached XP level 5. HP: 32/33 MP: 9/9
  2507 | D:4      | Reached skill level 4 in Unarmed Combat
  3173 | D:4      | Reached XP level 6. HP: 35/38 MP: 6/10
  3431 | D:4      | Found a glowing golden altar of the Shining One.
  4046 | D:5      | Entered Level 5 of the Dungeon
  4338 | D:5      | Reached skill level 5 in Unarmed Combat
  4338 | D:5      | Reached XP level 7. HP: 15/43 MP: 12/12
  4777 | D:5      | Found a staircase to the Ecumenical Temple.
  5166 | D:5      | Found Ozethirch's General Store.
  5678 | D:6      | Found a shimmering blue altar of Sif Muna.
  5790 | D:6      | Found a sand-covered staircase.
  5794 | Ossuary  | Entered an ossuary
  5794 | Ossuary  | Noticed a wraith
  5794 | Ossuary  | Noticed a wraith
  5794 | Ossuary  | Noticed a wraith
  6208 | Ossuary  | Noticed a wraith
  6225 | Ossuary  | Slain by a wraith

Illustrated notes

Levels and vault maps discovered:
D:1:      ncdulo_lavacross, layout_basic, corexii_hall_statues_l, minivault_5,
          due_unseen_surprise
D:2:      layout_basic, uniq_robin
D:3:      layout_basic
D:4:      layout_cave_pods, first_ration, nicolae_tso_besieged_by_evil
D:5:      layout_loops_cross, minmay_temple_entry_wispy, serial_shops,
          kennysheep_mini_moat
D:6:      layout_gridville, old_standard_altar, enter_ossuary_5
Ossuary:  ossuary_due_mausoleum

Skill      XL: |  1  2  3  4  5  6  7 |
---------------+----------------------+-----
Stealth        | 1 2 3 |  3.7
Unarmed Combat | 4 5 |  5.7
Transmutations | 3 4 |  4.0
Spellcasting   | 3 |  3.9
Dodging        | 3 |  3.4
Fighting       | |  1.8

Action                   |  1- 3 |  4- 6 |  7- 9 || total
-------------------------+-------+-------+-------++-------
Melee: Unarmed           |    87 |   159 |   143 ||   389
       Tentacles         |    17 |    28 |    28 ||    73
       Constrict         |    26 |    50 |    37 ||   113
       Punch             |     2 |     5 |     2 ||     9
       Kick              |     1 |     8 |    13 ||    22
 Cast: Beastly Appendage |     2 |     5 |     8 ||    15
       Sticks to Snakes  |       |     3 |       ||     3
  Use: Scroll            |       |     2 |     7 ||     9
       Potion            |       |       |     2 ||     2
 Stab: Sleeping          |     9 |     5 |     3 ||    17
  Eat: Chunk             |     1 |    10 |     4 ||    15
       Ration            |       |       |     1 ||     1
Armor: Skin              |     8 |     3 |     3 ||    14
Dodge: Dodged            |    58 |    92 |    60 ||   210
